 Dungeon Crawl Stone Soup version 0.29.0-11-gd7f09526c8 (webtiles) character file.

Game seed: 8110999487957684905

89 greenreed the Digger (level 4, -3/35 HPs)
             Began as a Draconian Earth Elementalist on Sept 5, 2022.
             Slain by Terence
             ... wielding a +0 flail
              (9 damage)
             ... on level 2 of the Dungeon.
             The game lasted 00:03:44 (1747 turns).

greenreed the Digger (Draconian Earth Elementalist) Turns: 1747, Time: 00:03:45

Health: -3/35      AC:  5    Str: 10    XL:     4   Next: 31%
Magic:  0/8        EV: 12    Int: 17    God:
Gold:   88         SH:  0    Dex: 12    Spells: 2/8 levels left

rFire   + . .      SeeInvis .   n - +0 whip (pain)
rCold   . . .      Faith    .   (no shield)
rNeg    . . .      Spirit   .   (body armour unavailable)
rPois   .          Reflect  .   (helmet restricted)
rElec   .          Harm     .   (no cloak)
rCorr   .          Rampage  .   (no gloves)
Will    .....                   (no boots)
Stlth   ++........              (no amulet)
HPRegen 0.11/turn               g - ring of protection from fire
MPRegen 0.11/turn               m - ring of flight

@: flying
A: AC +5, unfitting armour, cold-blooded
a: no special abilities


You were on level 2 of the Dungeon.
You visited 1 branch of the dungeon, and saw 2 of its levels.

You collected 88 gold pieces.

Inventory:

Hand Weapons
 n - a +0 whip of pain (weapon)
Jewellery
 g - a ring of protection from fire (left hand)
 j - a ring of protection from fire
 m - a ring of flight (right hand)
Wands
 o - a wand of acid (10)
Scrolls
 b - a scroll of teleportation {unknown}
 d - 7 scrolls of identify {unknown}
 e - a scroll of magic mapping {unknown}
 i - a scroll of fog {unknown}
 k - a scroll of silence {unknown}
 l - 3 scrolls of poison {unknown}
Potions
 a - a potion of magic
 c - a potion of resistance {unknown}
 f - a potion of lignification {unknown}
 h - a potion of curing {unknown}


   Skills:
 * Level 1.0 Fighting
 + Level 1.9 Dodging
 + Level 1.8 Stealth
 * Level 2.8 Spellcasting
 + Level 1.0 Transmutations
 * Level 4.3 Earth Magic


You had 2 spell levels left.
You knew the following spells:

 Your Spells              Type           Power      Damage    Failure   Level
a - Sandblast             Erth           34%        2d9       3%          1
b - Passwall              Tmut/Erth      9%         N/A       9%          2
c - Stone Arrow           Conj/Erth      18%        3d8       22%         3

Your spell library contained the following spells:

 Spells                   Type           Power      Damage    Failure   Level
 Magic Dart               Conj           8%         1d3       19%         1
 Call Imp                 Summ           2%         N/A       26%         2
 Mephitic Cloud           Conj/Pois/Air  2%         N/A       47%         3
 Petrify                  Tmut/Erth      11%        N/A       52%         4


Dungeon Overview and Level Annotations

Branches:
Dungeon (2/15)

Altars:

Shops:
D:1 =

Annotations:
D:2 Terence


Innate Abilities, Weirdness & Mutations

Your plain brown scales are hard. (AC +5)
You cannot fit into any form of body armour.
You are cold-blooded and may be slowed by cold attacks.


Message History

The blast of sand hits Terence but does no damage.
Terence is heavily wounded.
Terence closely misses you. Terence hits you with a +0 flail!
Casting: Sandblast (safe; 3% risk of failure)
Confirm with . or Enter, or press ? or * to list all spells.
You don't have enough magic to cast this spell.
You barely miss Terence.
Terence is heavily wounded.
Terence screams, "I want your blood!" Terence completely misses you.
You hit Terence but do no damage.
Terence is heavily wounded.
Terence barely misses you.
You barely miss Terence.
Terence is heavily wounded.
Terence says, "Don't bother to defend, it's useless."
Terence hits you with a +0 flail.
You hit Terence.
Terence is heavily wounded.
Terence hits you but does no damage.
You hit Terence.
Terence is heavily wounded.
Terence barely misses you.
You barely miss Terence.
Terence is heavily wounded.
Terence hits you with a +0 flail.
* * * LOW HITPOINT WARNING * * *
You closely miss Terence.
You tail-slap Terence, but do no damage.
Terence is heavily wounded.
Terence hits you with a +0 flail.
* * * LOW HITPOINT WARNING * * *
Terence attacks as you move away! Terence misses you.
Casting: Sandblast (safe; 3% risk of failure)
Confirm with . or Enter, or press ? or * to list all spells.
Aiming: Passwall (safe; 9% risk of failure)
Press: ? - help, Dir - move target, p - Terence A rock wall.
Terence hits you with a +0 flail!
You die...

#.# #.#.##### #.#
#.#.....# #.#
#.### #.#####>#
#.# #...# #.# #.#
#.# #...# #.## #.#
#.# #...#
#######..# #.# #.#
##)## .........#
#.# #.# #.#
#.#########.####.#
#.####.#
#.....@@...#.....#
#.#....#
#.#########.######
>...##.# #.#
#.####.# #.#
......... #.#
)......## #.#
#........ #.#
#...##### ..#
##### ###


You could see Terence.

Vanquished Creatures
  2 adders (D:2)
  3 gnolls (D:2)
  4 endoplasms
  2 giant cockroaches (D:1)
  6 goblins
  2 hobgoblins
  4 ball pythons
  8 bats
  3 frilled lizards
  5 kobolds
  2 rats (D:1)
41 creatures vanquished.

Notes
Turn   | Place    | Note
-------+----------+-------------------------------------------
     0 | D:1      | greenreed the Draconian Earth Elementalist began the quest
                  | for the Orb.
     0 | D:1      | Reached XP level 1. HP: 14/14 MP: 3/3
   294 | D:1      | Found Vumaly's Jewellery Shoppe.
   305 | D:1      | Reached XP level 2. HP: 20/20 MP: 3/5
  1037 | D:2      | Reached skill level 1 in Fighting
  1082 | D:2      | Reached XP level 3. HP: 28/28 MP: 3/6
  1091 | D:2      | Reached skill level 4 in Earth Magic
  1157 | D:2      | Learned a level 2 spell: Passwall
  1161 | D:2      | Learned a level 3 spell: Stone Arrow
  1199 | D:2      | Reached XP level 4. HP: 35/35 MP: 5/7
  1723 | D:2      | Noticed Terence
  1747 | D:2      | Slain by Terence

Illustrated notes

Levels and vault maps discovered:
D:1:      grunt_arrival_crossed_arrows, layout_loops_cross, serial_shops,
          nicolae_shop_trees, corexii_item_surrounded_by_moat,
          serial_bayou_ford_a, minmay_surrounded
D:2:      layout_loops_ring, uniq_terence

Skill      XL: |  1  2  3 |
---------------+----------+-----
Fighting       | 1 |  1.0
Earth Magic    | 4 |  4.3
Dodging        | |  1.9
Stealth        | |  1.8
Spellcasting   | |  2.8
Transmutations | |  1.0

Action                   |  1- 3 |  4- 6 || total
-------------------------+-------+-------++-------
Melee: Unarmed           |    17 |       ||    17
       Tailslap          |     1 |     1 ||     2
       Whip              |       |     7 ||     7
 Cast: Sandblast         |    47 |    25 ||    72
       Passwall          |       |     1 ||     1
Armor: Skin              |    11 |     5 ||    16
Dodge: Dodged            |    39 |    17 ||    56
